 Dungeon Crawl Stone Soup version 0.23.2-30-g0e89c35649 (webtiles) character file.

Game seed: 3371876911849099965

1563 doot the Stinger (level 8, -7/42 HPs)
             Began as a Tengu Venom Mage on June 24, 2019.
             Mangled by a manticore (13 damage)
             ... on level 7 of the Dungeon.
             The game lasted 00:18:08 (7854 turns).

doot the Stinger (Tengu Venom Mage)                 Turns: 7854, Time: 00:18:13

Health: -7/42      AC:  2    Str:  8    XL:     8   Next: 89%
Magic:  3/18       EV: 19    Int: 19    God:
Gold:   339        SH:  0    Dex: 14    Spells: 1/19 levels left

rFire    . . .     SeeInvis .   b - +2 mace (holy)
rCold    . . .     Gourm    .   (no shield)
rNeg     . . .     Faith    .   a - +0 robe
rPois    .         Spirit   .   (helmet restricted)
rElec    .         Reflect  .   (no cloak)
rCorr    .         Harm     +   (no gloves)
MR       .....                  (boots unavailable)
Stlth    ++........             k - amulet of harm
HPRegen  0.14/turn              p - +4 ring of evasion
MPRegen  0.16/turn              (no ring)

@: flying quickly and evasively, quick
A: beak, talons 3, able to fly
a: Stop Flying


You were on level 7 of the Dungeon.
You were hungry.

You visited 2 branches of the dungeon, and saw 8 of its levels.

You collected 339 gold pieces.

Inventory:

Hand Weapons
 b - a +2 mace of holy wrath (weapon)
 o - a +0 flail of draining
Missiles
 x - a throwing net (quivered)
Armour
 a - a +0 robe (worn)
Jewellery
 k - an amulet of harm (around neck)
 p - a +4 ring of evasion (left hand)
Wands
 j - a wand of polymorph (5)
 q - a wand of paralysis (8)
Scrolls
 d - 3 scrolls of blinking {unknown}
 g - 6 scrolls of identify {unknown}
 n - 3 scrolls of fear {unknown}
 r - 3 scrolls of remove curse {unknown}
 t - a scroll of amnesia {unknown}
 u - a scroll of acquirement {unknown}
 y - a scroll of magic mapping {unknown}
 B - a scroll of teleportation {unknown}
 D - a scroll of enchant weapon {unknown}
Potions
 e - 4 potions of curing
 f - 3 potions of berserk rage {unknown}
 h - a potion of ambrosia {unknown}
 i - a potion of mutation {unknown}
 l - a potion of haste {unknown}
 m - 2 potions of heal wounds {unknown}
 s - a potion of might {unknown}
 v - a potion of brilliance {unknown}
 w - a potion of lignification {unknown}
 z - a potion of cancellation {unknown}
 A - a potion of degeneration {unknown}
 C - a potion of invisibility {unknown}
Comestibles
 c - 13 rations


   Skills:
 + Level 0.3 Fighting
 + Level 1.7 Maces & Flails
 + Level 2.8 Dodging
 + Level 3.2 Stealth
 + Level 6.1 Spellcasting
 + Level 2.3 Conjurations
 + Level 0.4 Fire Magic
 + Level 6.1 Air Magic
 + Level 6.8 Poison Magic


You had one spell level left.
You knew the following spells:

 Your Spells              Type           Power        Failure   Level  Hunger
a - Sting                 Conj/Pois      ###.         1%          1    None
b - Poisonous Vapours     Pois/Air       ####..       1%          2    None
c - Mephitic Cloud        Conj/Pois/Air  ####....     4%          3    ##.....
d - Olgreb's Toxic Radia  Pois           ####....     7%          4    ####...
e - Conjure Flame         Conj/Fire      ##......     19%         3    ##.....
f - Alistair's Intoxicat  Tmut/Pois      ###.....     58%         5    #####..

Your spell library contained the following spells:

 Spells                   Type           Power        Failure   Level  Hunger
 Shock                    Conj/Air       ###.         1%          1    None
 Magic Dart               Conj           ##..         4%          1    None
 Animate Skeleton         Necr           N/A          11%         1    None
 Apportation              Tloc           #.....       11%         1    None
 Confusing Touch          Hex            #.....       11%         1    None
 Summon Small Mammal      Summ           #...         11%         1    None
 Blink                    Tloc           N/A          17%         2    None
 Call Imp                 Summ           #.......     17%         2    None
 Slow                     Hex            #.......     17%         2    None
 Iskenderun's Mystic Bla  Conj           ##......     38%         4    ####...
 Venom Bolt               Conj/Pois      ###.......   43%         5    #####..
 Fulminant Prism          Conj/Hex       ##........   56%         4    ####...
 Conjure Ball Lightning   Conj/Air       ###.......   96%         6    #######


Dungeon Overview and Level Annotations

Branches:
Dungeon (7/15)             Temple (1/1) D:6

Altars:
Ashenzari
Cheibriados
Dithmenos
Elyvilon
Fedhas
Gozag
Nemelex Xobeh
Okawaru
Qazlal
Ru
Sif Muna
Uskayaw
Wu Jian
Yredelemnul
Zin
The Shining One

Shops:
D:6 *   D:7 *

Annotations:
D:5 Menkaure
D:6 Grinder
D:7 3 runed translucent doors, Jaiteiro's ghost, novice VSFi


Innate Abilities, Weirdness & Mutations

You have a beak for a mouth.
You have claws for feet.
You can fly continuously.


Message History

Casting: Poisonous Vapours (safe; 1% risk of failure)
Confirm with . or Enter, or press ? or * to list all spells.
Aiming: Poisonous Vapours (safe; 1% risk of failure)
Press: ? - help, Dir - move target cursor, f/p - manticore
Aim: a manticore (poison gas, heavily wounded, poisoned)
The poisonous vapours increase!
The manticore is engulfed in poison gas.
The manticore looks as sick as possible!
The manticore barely misses you. The manticore claws you. x2
Unknown command.
Casting: Poisonous Vapours (safe; 1% risk of failure)
Confirm with . or Enter, or press ? or * to list all spells.
The spell is very dangerous to cast (58% risk of failure)!
Continue anyway?
You attempt to intoxicate your foes!
The manticore is engulfed in poison gas.
The manticore looks as sick as possible!
The manticore bites you!
* * * LOW HITPOINT WARNING * * *
The manticore claws you!
You die...

#.#.#.# #..#.## #.#.#.#
##..#.## #.#.#.#
#.......
#.#.#.###...#.#.
#.#...........#. #
#.###.###...#### .⌠.
##.###.###.#...#.
.!∩..###..............#.
.⌠.⌠..H@..###########...
########.## ##.# #.# #..
#.# # # ..# ###


You could see a manticore.

Vanquished Creatures
  Prince Ribbit (D:5)
  A hippogriff (D:6)
  2 sky beasts
  A slave (D:7)
  A black bear (D:6)
  2 centaurs (D:5)
  2 bullfrogs
  A scorpion (D:5)
  A howler monkey (D:5)
  A crimson imp (D:7)
  2 orc wizards (D:4)
  5 orc priests
  2 hounds
  2 iguanas
  2 worker ants
  8 adders
  2 oozes (D:2)
  A worm (D:5)
  2 dart slugs (D:1)
  A leopard gecko (D:7)
  13 orcs
  9 bats
  6 giant cockroaches
  7 goblins
  5 hobgoblins
  3 jackals (D:3)
  10 kobolds
  3 quokkas
  A ball python (D:3)
  5 frilled lizards
  6 rats
108 creatures vanquished.

Notes
Turn   | Place    | Note
-------+----------+-------------------------------------------
     0 | D:1      | doot the Tengu Venom Mage began the quest for the Orb.
     0 | D:1      | Reached XP level 1. HP: 10/10 MP: 4/4
   324 | D:1      | Reached XP level 2. HP: 14/15 MP: 1/6
   512 | D:1      | Learned a level 2 spell: Poisonous Vapours
  1197 | D:2      | Reached XP level 3. HP: 19/19 MP: 1/7
  1424 | D:2      | Found a sacrificial altar of Ru.
  1599 | D:2      | Learned a level 3 spell: Mephitic Cloud
  1760 | D:2      | Reached XP level 4. HP: 24/24 MP: 4/9
  2142 | D:2      | Found a sparkling altar of Nemelex Xobeh.
  2358 | D:3      | Reached skill level 1 in Air Magic
  2616 | D:3      | Found an iron altar of Okawaru.
  2806 | D:3      | Gained mutation: You can fly continuously. [Tengu growth]
  2806 | D:3      | Reached XP level 5. HP: 28/28 MP: 5/10
  3687 | D:4      | Reached XP level 6. HP: 32/32 MP: 5/11
  3840 | D:4      | Learned a level 4 spell: Olgreb's Toxic Radiance
  3993 | D:4      | You are sucked into a shaft for 3 floors!
  4006 | D:7      | Reached skill level 1 in Maces & Flails
  4408 | D:7      | Found a runed translucent gate.
  4408 | D:7      | Found a runed translucent gate.
  4409 | D:7      | Found a runed translucent gate.
  4411 | D:7      | Noticed Jaiteiro's ghost (novice VSFi)
  4412 | D:7      | Noticed a queen bee
  4458 | D:7      | Noticed a phantom
  4496 | D:7      | Noticed a lindwurm
  4542 | D:6      | Noticed a hippogriff
  4566 | D:6      | Killed a hippogriff
  4566 | D:6      | Reached skill level 5 in Poison Magic
  4566 | D:6      | Reached XP level 7. HP: 31/36 MP: 0/14
  4611 | D:6      | Learned a level 3 spell: Conjure Flame
  4798 | D:6      | Found a staircase to the Ecumenical Temple.
  4808 | D:6      | Noticed Grinder
  4813 | Temple   | Entered the Ecumenical Temple
  5161 | D:5      | Entered Level 5 of the Dungeon
  5420 | D:5      | Identified the Grimoire of Mutagenic Attacks
  5476 | D:5      | Reached XP level 8. HP: 41/41 MP: 10/16
  5492 | D:5      | Noticed Menkaure
  5744 | D:6      | Found Xepuz's Assorted Antiques.
  5747 | D:6      | Paralysed by Grinder for 6 turns
  5928 | D:5      | Found a basalt altar of Yredelemnul.
  6120 | D:5      | Reached skill level 5 in Spellcasting
  6475 | D:4      | Reached skill level 5 in Air Magic
  7145 | D:5      | Found a white marble altar of Elyvilon.
  7145 | D:5      | Found an ornate altar of the Wu Jian Council.
  7147 | D:5      | Found a shadowy altar of Dithmenos.
  7149 | D:5      | Found a basalt altar of Yredelemnul.
  7150 | D:5      | Found a deep blue altar of Sif Muna.
  7232 | D:5      | Noticed Prince Ribbit
  7241 | D:5      | Killed Prince Ribbit
  7480 | D:6      | Paralysed by Grinder for 7 turns
  7528 | D:6      | Paralysed by Grinder for 7 turns
  7771 | D:7      | Noticed a slime creature
  7794 | D:7      | Learned a level 5 spell: Alistair's Intoxication
  7847 | D:7      | Noticed a manticore
  7849 | D:7      | Found Juwylus's Assorted Antiques.
  7854 | D:7      | Mangled by a manticore

Skill      XL: |  1  2  3  4  5  6  7  8 |
---------------+-------------------------+-----
Spellcasting   | 3 4 6 |  6.1
Air Magic      | 1 4 6 |  6.1
Poison Magic   | 4 5 6 |  6.8
Maces & Flails | 1 |  1.7
Stealth        | 3 |  3.2
Conjurations   | 2 |  2.3
Fighting       | |  0.3
Dodging        | |  2.8
Fire Magic     | |  0.4

Action                   |  1- 3 |  4- 6 |  7- 9 || total
-------------------------+-------+-------+-------++-------
Melee: Mace              |    13 |    27 |     2 ||    42
       Kick              |     3 |     3 |     1 ||     7
       Peck              |     1 |     5 |       ||     6
       Unarmed           |       |    13 |       ||    13
 Cast: Sting             |    37 |     7 |     9 ||    53
       Poisonous Vapours |    15 |    60 |    58 ||   133
       Olgreb's Toxic Ra |       |       |     8 ||     8
       Mephitic Cloud    |       |       |     1 ||     1
       Conjure Flame     |       |       |     6 ||     6
       Alistair's Intoxi |       |       |     1 ||     1
 Abil: Fly               |       |     1 |       ||     1
  Use: Potion            |       |       |     1 ||     1
 Stab: Sleeping          |       |     2 |       ||     2
  Eat: Chunk             |     4 |    11 |    11 ||    26
Armor: Robe              |     8 |    11 |     3 ||    22
Dodge: Dodged            |    24 |    35 |    25 ||    84
